 Dungeon Crawl Stone Soup version 0.31-a0-188-g5e087ee2ca (webtiles) character file.

Game seed: 9227643363529717815

30 qw the Shooter (level 3, 0/20 HPs)
             Began as a Deep Elf Hunter on June 23, 2023.
             Slain by an adder (3 damage)
             ... on level 2 of the Dungeon.
             The game lasted 00:00:24 (748 turns).

qw the Shooter (Deep Elf Hunter)                     Turns: 748, Time: 00:00:24

Health: 0/20       AC:  5    Str: 10    XL:     3   Next: 3%
Magic:  5/5        EV: 11    Int: 13    God:
Gold:   73         SH:  0    Dex: 18    Spells: 2/2 levels left

rFire   . . .        Y - +0 shortbow
rCold   . . .        (shield currently unavailable)
rNeg    . . .        f - +0 ring mail
rPois   .            (no helmet)
rElec   .            (no cloak)
rCorr   .            (no gloves)
SInv    .            (no boots)
Will    .....        (no amulet)
Stlth   +            (no ring)
HPRegen 0.23/turn    (no ring)
MPRegen 0.09/turn

%: no passive effects
@: lethally poisoned (0 -> -3)
A: no striking features
a: no special abilities


You were on level 2 of the Dungeon.
You visited 1 branch of the dungeon, and saw 2 of its levels.

You collected 73 gold pieces.


   Skills:
 - Level 1.5 Fighting
 + Level 6.6 Ranged Weapons
 - Level 2.4 Dodging
 - Level 1.2 Stealth


You had 2 spell levels left.
You didn't know any spells.
Your spell library was empty.

Inventory:

Hand Weapons
 Y - a +0 shortbow (weapon)
Armour
 f - a +0 ring mail (worn)
Jewellery
 a - a ring of fire
Potions
 d - a potion of cancellation
 i - a potion of curing {unknown}
 l - a potion of mutation {unknown}

Dungeon Overview and Level Annotations

Branches:
Dungeon (2/15)

Altars:


Message History

You feel sick.
You are no longer poisoned.
The rat closely misses you. The adder closely misses you.
The rat barely misses you.
You shoot an arrow. The arrow misses the adder.
The adder closely misses you. The adder bites you.
The rat bites you but does no damage.
You shoot an arrow.
The arrow hits the adder but does no damage.
The adder is severely wounded.
The adder misses you. The rat bites you but does no damage.
The adder bites you but does no damage.
You shoot an arrow. The arrow barely misses the adder.
The adder bites you.
You are poisoned.
The adder poisons you! The rat barely misses you.
You shoot an arrow. The arrow completely misses the adder.
You feel very sick. The adder closely misses you.
The rat bites you but does no damage. The adder closely misses you.
The rat bites you but does no damage.
743 ||| DRINKING potion of heal wounds.
You feel much better.
You feel sick. The adder barely misses you. The rat bites you.
You shoot an arrow. The arrow barely misses the adder.
You feel sick.
The adder bites you. x2; The rat barely misses you.
You shoot an arrow. The arrow misses the adder.
You feel sick. The adder barely misses you. The rat closely misses you.
You shoot an arrow. The arrow hits the adder.
The adder is severely wounded.
You feel sick. The adder bites you.
You are more poisoned.
The adder poisons you! The rat bites you but does no damage.
The adder completely misses you.
You shoot an arrow. The arrow hits the adder.
The adder is severely wounded.
You feel sick. The adder bites you but does no damage. The rat bites you.
The adder barely misses you.
You shoot an arrow. The arrow hits the adder.
The adder is almost dead.
You feel sick. The rat barely misses you. The adder bites you.
You die...

##. #.. #.# .. #.# #.###
##.# ###### .....##..#
#....#
#.....#####>...###
###..........%.<.#
#@#..........#....
....!.rS..####.....####.
#.####)#### #.....# #.
........# #. #.(......#
.. #........# ..
.........# ##.


You could see an adder and a rat.

Vanquished Creatures
  A worm (D:2)
  A giant cockroach (D:1)
  4 goblins
  3 hobgoblins (D:1)
  2 jackals (D:1)
  A quokka (D:1)
  2 ball pythons (D:1)
  2 bats (D:1)
  4 frilled lizards (D:1)
  4 kobolds (D:1)
  3 rats
27 creatures vanquished.

Notes
Turn   | Place    | Note
-------+----------+-------------------------------------------
     0 | D:1      | qw the Deep Elf Hunter began the quest for the Orb.
     0 | D:1      | Reached XP level 1. HP: 12/12 MP: 3/3
     0 | D:1      | 0 ||| qw: Version: 0.3-a-9-g12657ce
     0 | D:1      | 0 ||| qw: Game counter: 3255
     0 | D:1      | 0 ||| qw: Always use a shield: true
     0 | D:1      | 0 ||| qw: God list: Okawaru
     0 | D:1      | 0 ||| qw: Allow faded altars: false
     0 | D:1      | 0 ||| qw: Do Orc after D:15 true
     0 | D:1      | 0 ||| qw: Do second Lair branch before Depths: true
     0 | D:1      | 0 ||| qw: Lair rune preference: random
     0 | D:1      | 0 ||| qw: Plans: Normal
     0 | D:1      | 0 ||| PLANNING D:1-11
    91 | D:1      | 91 ||| FLEEEEING.
    94 | D:1      | 94 ||| FLEEEEING.
    95 | D:1      | 95 ||| FLEEEEING.
    96 | D:1      | 96 ||| FLEEEEING.
    97 | D:1      | 97 ||| FLEEEEING.
   115 | D:1      | Reached XP level 2. HP: 16/16 MP: 4/4
   205 | D:1      | Reached skill level 6 in Ranged Weapons
   644 | D:1      | 644 ||| UPGRADING to +0 ring mail.
   654 | D:1      | 654 ||| DROPPING +0 leather armour.
   655 | D:1      | 655 ||| READING scroll labelled KOAGIL WIQAIQ.
   656 | D:1      | 656 ||| READING scroll labelled QOANNI LOUFI.
   660 | D:1      | 660 ||| READING scroll labelled RIHYXI SEIGEUPT.
   661 | D:1      | 661 ||| READING 3 scrolls labelled GIANON ALIYMEPLUSK.
   662 | D:1      | 662 ||| DRINKING 2 coppery potions.
   663 | D:1      | 663 ||| DRINKING 2 inky potions.
   664 | D:1      | 664 ||| DROPPING scroll of butterflies.
   665 | D:1      | 665 ||| DROPPING 2 scrolls of fog.
   685 | D:2      | 685 ||| STAIRDANCE
   726 | D:2      | Reached XP level 3. HP: 20/20 MP: 5/5
   742 | D:2      | HP: 5/20 [poisoned by an adder]
   743 | D:2      | 743 ||| DRINKING potion of heal wounds.
   747 | D:2      | HP: 5/20 [rat (1)]
   748 | D:2      | Slain by an adder

Levels and vault maps discovered:
D:1:      dpeg_arrival_central, layout_loops_ring
D:2:      layout_rooms, uniq_jessica

Skill      XL: |  1  2 |
---------------+-------+-----
Ranged Weapons | 6 |  6.6
Fighting       | |  1.5
Dodging        | |  2.4
Stealth        | |  1.2

Action                     || total
---------------------------++-------
   Fire: Shortbow          ||    96
    Use: Scroll            ||     4
         Potion            ||     3
 Armour: Leather armour    ||     6
         Ring mail         ||    14
  Dodge: Dodged            ||    40

Table legend:
 A = Non-vault XP
 B = Vault XP
 C = Vault XP percentage of total XP
 D = Non-vault monster count
 E = Vault monster count
 F = Vault count percentage of total count
                 A         B        C        D         E       F
            +---------+---------+-------+---------+---------+-------
      Total |      43 |       0 |   0.0 |      27 |       0 |   0.0
            +---------+---------+-------+---------+---------+-------
        D:1 |      36 |       0 |   0.0 |      24 |       0 |   0.0
        D:2 |       7 |       0 |   0.0 |       3 |       0 |   0.0
            +---------+---------+-------+---------+---------+-------
